 Dungeon Crawl Stone Soup version 0.28-a0-1435-g82390b3a13 (webtiles) character file.

Game seed: 8711906607306052524

80 ipx the Bolt Thrower (level 4, -2/28 HPs)
             Began as a Gargoyle Arcane Marksman on Jan 9, 2022.
             Killed from afar by Natasha (8 damage)
             ... with a magic dart
             ... on level 2 of the Dungeon.
             The game lasted 00:08:20 (590 turns).

ipx the Bolt Thrower (Gargoyle Arcane Marksman)      Turns: 590, Time: 00:08:20

Health: -2/28      AC:  0    Str: 16    XL:     4   Next: 39%
Magic:  5/5        EV: 14    Int: 13    God:
Gold:   74         SH:  0    Dex: 10    Spells: 4/5 levels left

rFire   . . .      SeeInvis .   (weapon currently unavailable)
rCold   . . .      Faith    .   (shield currently unavailable)
rNeg    + . .      Spirit   .   (armour currently unavailable)
rPois   ∞          Reflect  .   (helmet currently unavailable)
rElec   .          Harm     .   (cloak currently unavailable)
rCorr   .          Rampage  .   (gloves currently unavailable)
Will    .....                   (boots currently unavailable)
Stlth   +.........              (no amulet)
HPRegen 0.09/turn               (ring currently unavailable)
MPRegen 0.09/turn               (ring currently unavailable)

@: pig-form, very quick
A: fast, no casting, sickness immunity, AC +3, small, negative energy resistance
1, (electricity resistance), torment resistance 1, petrification resistance
a: no special abilities


You were on level 2 of the Dungeon.
You were a filthy swine.
You visited 1 branch of the dungeon, and saw 2 of its levels.

You collected 74 gold pieces.

Inventory:

Hand Weapons
 a - a +0 hand crossbow
 b - a +1 dagger of protection (melded)
Missiles
 c - 11 bolts
Armour
 d - a +0 robe (melded)
Scrolls
 e - a scroll of identify {unknown}
 f - a scroll of enchant weapon
 g - a scroll of amnesia {unknown}


   Skills:
 + Level 3.2 Fighting
 + Level 3.4 Crossbows
 - Level 1.5 Dodging
 - Level 1.0 Spellcasting
 - Level 2.6 Hexes


You had 4 spell levels left.
You knew the following spells:

 Your Spells              Type           Power      Damage    Failure   Level
a - Slow                  Hex            28%        N/A       10%         1

Your spell library contained the following spells:

 Spells                   Type           Power      Damage    Failure   Level
 Inner Flame              Hex/Fire       4%         N/A       43%         3
 Portal Projectile        Hex/Tloc       8%         N/A       43%         3
 Gell's Gravitas          Tloc           0%         N/A       63%         3
 Teleport Other           Tloc           0%         N/A       63%         3
 Cause Fear               Hex            3%         N/A       67%         4
 Dispersal                Tloc           0%         N/A       100%        6


Dungeon Overview and Level Annotations

Branches:
Dungeon (2/15)

Altars:

Annotations:
D:2 Natasha


Innate Abilities, Weirdness & Mutations

You are a filthy swine.
You move quickly.
Your equipment is almost entirely melded.
You are incapable of wielding weapons or throwing items.
You cannot cast spells.
You are immune to sickness and miasma.
((Your stone body is resilient. (AC +3)))
You are immune to poison.
You resist negative energy. (rN+)
((You are resistant to electric shocks. (rElec)))
You are resistant to unholy torment.
You are immune to petrification.


Message History

You kill the shadow imp!
The shadow imp disappears in a puff of smoke!
You barely miss Natasha.
Natasha is lightly wounded.
Natasha casts a spell.
You miss Natasha.
Natasha is lightly wounded.
Natasha claws you.
The crimson imp hits you but does no damage.
You hit Natasha.
Natasha is heavily wounded.
Natasha claws you.
The crimson imp hits you but does no damage.
You hit Natasha.
Natasha is severely wounded.
Natasha completely misses you. The crimson imp barely misses you.
You barely miss Natasha.
Natasha is severely wounded.
Natasha zaps a wand.
You turn into a filthy swine.
Your +1 dagger of protection melds into your body.
Your +0 robe melds into your body.
Your +1 dagger of protection goes still.
The crimson imp blinks!
You barely miss Natasha.
Natasha is severely wounded.
Natasha mumbles some strange words.
You feel troubled. Natasha misses you.
You hit Natasha.
Natasha is almost dead.
The crimson imp closely misses you. Natasha claws you.
* * * LOW HITPOINT WARNING * * *
The jackal barks!
You hit Natasha but do no damage.
Natasha is almost dead.
The crimson imp hits you.
* * * LOW HITPOINT WARNING * * *
Natasha stares at you and mumbles some strange words.
The magic dart hits you!
You die...

#......(..##............
##......(..###.#.........
........##...............
........(.................
...............h.........
#.#......................
#.....##...#..#..........
##..#.#####(..###.........
###.....##5hh5..##.........#
...........####(...###.##..
##.....########.?.....#
##!..#.##....5.........
.............h...........
###.....##..............
......#.................
###......#......###.....
#......#......# .....


You could see Natasha, 2 crimson imps and a jackal.

Vanquished Creatures
  Jessica (D:2)
  An adder (D:2)
  2 dart slugs (D:1)
  An orc (D:2)
  5 bats
  An endoplasm (D:1)
  2 giant cockroaches (D:2)
  3 goblins
  6 hobgoblins
  2 jackals (D:2)
  5 kobolds (D:1)
  4 quokkas
  2 ball pythons
  A frilled lizard (D:2)
36 creatures vanquished.

Notes
Turn   | Place    | Note
-------+----------+-------------------------------------------
     0 | D:1      | ipx the Gargoyle Arcane Marksman began the quest for the
                  | Orb.
     0 | D:1      | Reached XP level 1. HP: 12/12 MP: 2/2
    61 | D:1      | Reached XP level 2. HP: 17/17 MP: 3/3
   293 | D:1      | Reached XP level 3. HP: 9/22 MP: 4/4
   359 | D:2      | Noticed Jessica
   373 | D:2      | Killed Jessica
   374 | D:2      | Reached XP level 4. HP: 11/27 MP: 5/5
   516 | D:2      | Noticed Natasha
   590 | D:2      | Killed from afar by Natasha

Illustrated notes

Levels and vault maps discovered:
D:1:      dpeg_arrival_tiny_i, layout_basic, minmay_misc_feat_columns,
          serial_bayou_crossing
D:2:      layout_rooms, uniq_jessica, uniq_natasha, uniq_crazy_yiuf_cottage

Skill      XL: |  1  2  3  4 |
---------------+-------------+-----
Fighting       | 2 3 |  3.2
Crossbows      | 3 |  3.4
Dodging        | |  1.5
Spellcasting   | |  1.0
Hexes          | |  2.6

Action                   |  1- 3 |  4- 6 || total
-------------------------+-------+-------++-------
Melee: Dagger            |       |    36 ||    36
       Unarmed           |       |     3 ||     3
       Punch             |       |     1 ||     1
 Fire: Hand crossbow     |    64 |    29 ||    93
  Use: Scroll            |       |     1 ||     1
Armor: Robe              |     5 |    17 ||    22
       Skin              |       |     1 ||     1
Dodge: Dodged            |    10 |    32 ||    42

Table legend: (Time is in decaauts)
 A = Elapsed time spent in this place.
 B = Non-inter-level travel time spent in this place.
 C = Inter-level travel time spent in this place.
 D = Time resting spent in this place.
 E = Time spent auto-exploring this place.
 F = Levels seen in this place.
 G = Mean time per level.
                   A        B        C        D        E       F      G
               +--------+--------+--------+--------+--------+-----+--------+
         Total |    636 |    636 |      0 |      0 |      0 |   2 |  318.0 |
       Dungeon |    636 |    636 |      0 |      0 |      0 |   2 |  318.0 |
               +--------+--------+--------+--------+--------+-----+--------+

Top non-repeatable levels by time:
     D:1: 351 daAuts
     D:2: 285 daAuts
